 Dungeon Crawl Stone Soup version 0.28.0-53-g5a82cb258f (webtiles) character file.

Game seed: 12343014396684087462

30 Peloso the Covered (level 3, 33/33 HPs)
             Began as a Minotaur Fighter on June 11, 2022.
             Got out of the dungeon alive.
             The game lasted 00:01:28 (987 turns).

Peloso the Covered (Minotaur Fighter)                Turns: 987, Time: 00:01:29

Health: 33/33      AC:  7    Str: 20    XL:     3   Next: 3%
Magic:  1/1        EV:  9    Int:  5    God:
Gold:   76         SH:  4    Dex: 11    Spells: 2/2 levels left

rFire   . . .      SeeInvis .   a - +0 long sword
rCold   . . .      Faith    .   c - +0 buckler
rNeg    . . .      Spirit   .   b - +0 scale mail
rPois   .          Reflect  .   (helmet restricted)
rElec   .          Harm     .   (no cloak)
rCorr   .          Rampage  .   (no gloves)
Will    .....                   (no boots)
Stlth   ..........              (no amulet)
HPRegen 0.11/turn               (no ring)
MPRegen 0.07/turn               (no ring)

@: no status effects
A: horns 2, retaliatory headbutt, low MP 1, MP-powered wands
a: no special abilities


You escaped.
You visited 1 branch of the dungeon, and saw 1 of its levels.

You collected 76 gold pieces.

Inventory:

Hand Weapons
 a - a +0 long sword (weapon)
Armour
 b - a +0 scale mail (worn)
 c - a +0 buckler (worn)
Scrolls
 j - a scroll of enchant armour {unknown}
Potions
 d - a potion of might
 k - a potion of curing {unknown}


   Skills:
 + Level 4.0 Fighting
 + Level 2.7 Long Blades
 + Level 4.1 Armour
 + Level 0.3 Dodging
 + Level 4.0 Shields


You had 2 spell levels left.
You didn't know any spells.
Your spell library contained the following spells:

 Spells                   Type           Power      Damage    Failure   Level
 Ignite Poison            Fire/Tmut/Pois 0%         N/A       99%         3
 Mephitic Cloud           Conj/Pois/Air  0%         N/A       99%         3
 Freezing Cloud           Conj/Ice/Air   0%         6-21      100%        5


Dungeon Overview and Level Annotations

Branches:
Dungeon (1/15)

Altars:


Innate Abilities, Weirdness & Mutations

You have a pair of horns on your head.
You reflexively headbutt those who attack you in melee.
Your magical capacity is low. (-10% MP)
You expend magic power (3 MP) to strengthen your wands.


Message History

a +0 whip; 3 stones; a kobold corpse You see here a +0 dagger.
j - a scroll labelled RUZUCA CEBEVOTS
Found a stone staircase leading down.
Found a faded altar of an unknown god.
k - a green potion A frilled lizard comes into view.
The frilled lizard hisses angrily.
You slash the frilled lizard!
You kill the frilled lizard!
You open the door.
There is an open door here.
Found 11 stones.
You open the door.
There is an open door here.
You see here a +0 whip.
There is a stone staircase leading down here.
Done exploring.
Done exploring.
Done exploring.
As you read the scroll labelled INOATYSKOFIMU, it crumbles to dust.
You feel strangely unstable.
It was a scroll of teleportation.
As you read the scroll labelled ICIXIXOALL, it crumbles to dust.
It is a scroll of identify.
e - a potion of degeneration You drop a potion of degeneration.
It was a potion of cancellation.
You feel strangely stable.
You feel magically purged.
Okay, then.
It was a potion of mutation.
You feel extremely strange.
You feel less energetic.
You feel your magical essence link to the dungeon's wands.
(D) Dungeon
Where to? (? - help)
What level of the Dungeon? (default 1, ? - help)
You see here a +0 leather armour.
There is a staircase leading out of the dungeon here.
Are you sure you want to leave the Dungeon?
This will make you lose the game!
You have escaped!

#)##.#...#.##.#...#..
#.##.###..##.##......
#.###..###.#.#..#....
#.###.#.###.##...#..#
#.##.##...#.#..#..##.
#.##..####.##[.#..##.
#.##.#..#..#.#.....#.
#.##..##..##.##...#.#
#.##@#..#...##......#
#.###################
#.###################
#....................
#####################


There were no monsters in sight!

Vanquished Creatures
  A gnoll (D:1)
  4 bats (D:1)
  2 goblins (D:1)
  2 hobgoblins (D:1)
  2 kobolds (D:1)
  4 ball pythons (D:1)
  3 frilled lizards (D:1)
18 creatures vanquished.

Notes
Turn   | Place    | Note
-------+----------+-------------------------------------------
     0 | D:1      | Peloso the Minotaur Fighter began the quest for the Orb.
     0 | D:1      | Reached XP level 1. HP: 19/19 MP: 0/0
   386 | D:1      | Reached XP level 2. HP: 14/27 MP: 1/1
   813 | D:1      | Reached XP level 3. HP: 33/33 MP: 2/2
   824 | D:1      | Found a faded altar of an unknown god.
   935 | D:1      | Gained mutation: Your magical capacity is low. (-10% MP)
                  | [potion of mutation]
   935 | D:1      | Gained mutation: You expend magic power (3 MP) to
                  | strengthen your wands. [potion of mutation]
   987 | D:$      | Got out of the dungeon alive.

Illustrated notes

Levels and vault maps discovered:
D:1:      erik_arrival_cave_to_civilisation [erik_arrival_cave_to_hall],
          layout_basic, hellmonk_ecumenical_altar_leap_of_faith,
          minmay_tetromino_l2

Skill      XL: |  1  2 |
---------------+-------+-----
Fighting       | 4 |  4.0
Armour         | 4 |  4.1
Shields        | 4 |  4.0
Long Blades    | |  2.7
Dodging        | |  0.3

Action                   || total
-------------------------++-------
Melee: Long sword        ||    46
       Headbutt          ||     2
  Use: Scroll            ||     2
       Potion            ||     2
Armor: Scale mail        ||    23
Dodge: Dodged            ||    30
Block: Buckler           ||    13
